 Dungeon Crawl Stone Soup version 0.29-a0-283-ga02f740833 (webtiles) character file.

Game seed: 7434049741849432474

45521 Ajdolov the Destroyer (level 14, -3/127 HPs)
             Began as a Naga Ice Elementalist on Mar 13, 2022.
             Was an Elder of Cheibriados.
             Slain by a death yak (20 damage)
             ... on level 3 of the Lair of Beasts.
             The game lasted 00:57:11 (22099 turns).

Ajdolov the Destroyer (Naga Ice Elementalist)      Turns: 22099, Time: 00:57:12

Health: -3/127     AC: 14    Str: 21    XL:     14   Next: 33%
Magic:  13/29      EV: 16    Int: 30    God:    Cheibriados [****..]
Gold:   1045       SH:  4    Dex: 22    Spells: 21/36 levels left

rFire   . . .      SeeInvis +   Q - +3 demon whip (venom)
rCold   . . .      Faith    .   H - +0 buckler
rNeg    . . .      Spirit   .   L - +4 scale mail
rPois   +          Reflect  .   M - +1 hat {Stlth+}
rElec   .          Harm     .   g - +1 cloak
rCorr   .          Rampage  .   (no gloves)
Will    +....                   (no barding)
Stlth   +++.......              (no amulet)
HPRegen 0.31/turn               u - +4 ring of evasion
MPRegen 0.21/turn               D - +4 ring of evasion

@: about to teleport, freezing walls, very slow
A: AC +4, large, see invisible, deformed body, poison resistance, slowness 2,
spit poison 1, naga tail 2
a: Spit Poison, Renounce Religion, Bend Time, Temporal Distortion, Slouch


You were on level 3 of the Lair of Beasts.
You worshipped Cheibriados.
Cheibriados was greatly pleased with you.
You visited 3 branches of the dungeon, and saw 15 of its levels.

You collected 1045 gold pieces.

Inventory:

Hand Weapons
 Q - a +3 demon whip of venom (weapon)
Armour
 g - a +1 cloak (worn)
 k - a +3 plate armour
 H - a +0 buckler (worn)
 L - a +4 scale mail (worn)
 M - a +1 hat of stealth (worn)
Magical Staves
 r - a staff of poison
Jewellery
 f - a ring of flight
 u - a +4 ring of evasion (left hand)
 D - a +4 ring of evasion (right hand)
 K - the ring of Ofaaw {rElec rC+++ Will- Str+6 Stlth-}
   (You found it on level 10 of the Dungeon)

   [ring of strength]

   Str:       It affects your strength (+6).
   rC:        It renders you almost immune to cold.
   rElec:     It insulates you from electricity.
   Will:      It decreases your willpower.
   Stlth:     It makes you less stealthy.
 N - a ring of willpower
Wands
 E - a wand of flame (20)
 I - a wand of paralysis (6)
Scrolls
 a - 2 scrolls of summoning {unknown}
 c - 3 scrolls of fog
 d - a scroll of enchant weapon {unknown}
 e - 5 scrolls of teleportation
 h - 3 scrolls of fear {unknown}
 j - 3 scrolls of brand weapon
 l - 2 scrolls of holy word {unknown}
 p - 4 scrolls of immolation {unknown}
 t - 3 scrolls of enchant armour
 y - 4 scrolls of acquirement {unknown}
 A - 4 scrolls of amnesia
 B - 3 scrolls of vulnerability {unknown}
 F - a scroll of blinking {unknown}
 J - 2 scrolls of silence {unknown}
 O - a scroll of torment {unknown}
 P - a scroll of identify
Potions
 b - a potion of experience {unknown}
 i - 3 potions of mutation
 m - 2 potions of curing
 n - a potion of invisibility {unknown}
 o - 4 potions of heal wounds {unknown}
 s - 6 potions of berserk rage
 v - 2 potions of attraction {unknown}
 w - a potion of degeneration {unknown}
 x - 2 potions of might {unknown}
 z - a potion of flight {unknown}
 C - a potion of cancellation {unknown}
Miscellaneous
 G - a condenser vane


   Skills:
 - Level 8.7 Fighting
 - Level 1.5 Dodging
 - Level 6.3 Stealth
 + Level 11.7 Spellcasting
 * Level 12.7 Conjurations
 - Level 8.1 Summonings
 - Level 11.0 Ice Magic
 - Level 7.0 Invocations


You had 21 spell levels left.
You knew the following spells:

 Your Spells              Type           Power      Damage    Failure   Level
a - Summon Ice Beast      Ice/Summ       66%        N/A       1%          4
b - Ozocubu's Armour      Ice            70%        N/A       1%          3
c - Freeze                Ice            100%       1d11      1%          1
d - Frozen Ramparts       Ice            100%       1d12      1%          3
e - Hailstorm             Conj/Ice       73%        3d15      1%          4

Your spell library contained the following spells:

 Spells                   Type           Power      Damage    Failure   Level
 Magic Dart               Conj           100%       1d8       1%          1
 Call Imp                 Summ           61%        N/A       1%          2
 Mephitic Cloud           Conj/Pois/Air  43%        N/A       5%          3
 Pain                     Necr           68%        1d7       11%         1
 Ice Form                 Ice/Tmut       50%        N/A       11%         4
 Sublimation of Blood     Necr           17%        N/A       16%         2
 Wereblood                Tmut           17%        N/A       16%         2
 Agony                    Necr           17%        N/A       96%         5
 Excruciating Wounds      Necr           8%         N/A       96%         5
 Summon Hydra             Summ           30%        N/A       97%         7


Dungeon Overview and Level Annotations

Branches:
Dungeon (11/15)            Temple (1/1) D:7            Lair (3/6) D:11
  Swamp (0/4) Lair:2        Snake (0/4) Lair:2          Orc (0/2) D:11

Altars:
Ashenzari
Cheibriados
Dithmenos
Elyvilon
Fedhas
Hepliaklqana
Kikubaaqudgha
Makhleb
Nemelex Xobeh
Okawaru
Qazlal
Ru
Sif Muna
Trog
Vehumet
Xom
Yredelemnul
The Shining One
Beogh

Shops:
D:10 :

Annotations:
D:5 exclusion: ice beast
D:7 3 runed translucent doors, exclusion: wyvern, namelastname112's ghost, novice DrIE
D:8 2 transporters, jmlagarto's ghost, novice MiFi
D:10 2 transporters, exclusion: centaur warrior
D:11 exclusion: 2 boulder beetles


Innate Abilities, Weirdness & Mutations

Your serpentine skin is tough. (AC +4)
You have supernaturally acute eyesight. (SInv)
Armour fits poorly on your strangely shaped body.
Your system is resistant to poisons. (rPois)
You cover ground very slowly.
You can spit poison.
You can use your snake-like lower body to constrict enemies.


Message History

The death yak is almost dead.
You have got your breath back.
You constrict the death yak.
The wall freezes the death yak.
The death yak gores you!!
The wall freezes the death yak!
You block the death yak's attack.
Your ice beast hits the death yak but does no damage.
Activating: Slouch (10% risk of failure)
Press: ? - help, Dir - look around, f - activate Really Slouch near your ice beast?
You can feel time thicken for a moment.
You kill the death yak!
Cheibriados appreciates the change of pace.
You can no longer step out of the flow of time.
Cheibriados lowers the support of your attributes as your movement quickens.
The wall freezes the death yak.
The death yak gores you!
* * * LOW HITPOINT WARNING * * *
The death yak gores you!
* * * LOW HITPOINT WARNING * * *
Okay, then.
Okay, then.
As you read the scroll labelled PYBAAL MO DAHI, it crumbles to dust.
You feel strangely unstable.
It was a scroll of teleportation.
The wall freezes the death yak!
The death yak gores you but does no damage. x2
Your ice beast barely misses the death yak.
Okay, then.
The flow of time bends around you.
Cheibriados rebukes the death yak.
The death yak seems to slow down.
The death yak easily resists.
Your ice beast resists with some effort.
The death yak gores you but does no damage.
Your ice beast hits the death yak but does no damage.
The wall freezes the death yak!
The death yak barely misses you. The flow of time bends around you.
Cheibriados rebukes the death yak.
The death yak seems to slow down.
The death yak resists with some effort.
Cheibriados rebukes your ice beast.
Your ice beast seems to slow down.
The death yak gores you!!
You die...

#...# #............ ##...#
............ #....#
#........... ##...# ###
#........... #.....
###..###............ #....#
#.....#.#........... ##...##
#.......##YYY......###....#
#.......###@......##......##
#................###.......P
#...........#...###.........
#.............##.###........
##.....###.......##.........
###..#.####.............>..
##..## ###..............
#....# ###............
###..### ###..........


You could see 2 death yaks and a friendly ice beast (summoned, slow).

Vanquished Creatures
  Gastronok (Lair:2)
  8 hydras
  A catoblepas (Lair:2)
  3 two-headed ogres
  6 death yaks (Lair:3)
  Amaemon (Lair:3)
  Pikel (D:7)
  A lindwurm (Lair:2)
  An ugly thing (D:8)
  3 black mambas
  4 elephants
  7 cane toads
  6 komodo dragons
  A kobold demonologist (D:11)
  A troll (D:10)
  3 hornets
  2 polar bears
  Prince Ribbit (D:7)
  6 blink frogs
  A centaur simulacrum (D:10)
  2 shadows
  49 yaks
  4 basilisks
  A vampire mosquito (D:8)
  2 nagas (Lair:2)
  13 water moccasins
  3 ice beasts
  2 black bears
  An orc warrior (D:11)
  An ogre (D:6)
  2 centaurs (D:6)
  2 lemures (D:7)
  A kobold brigand (D:11)
  11 bullfrogs
  5 scorpions
  6 wights
  15 killer bees
  2 howler monkeys (D:7)
  6 crimson imps (D:8)
  A jelly (D:5)
  3 hounds
  2 gnoll shamans
  4 orc priests
  Natasha (thrice) (D:2 D:1)
  6 iguanas
  9 orc wizards
  2 hell rats (Lair:3)
  11 gnolls
  7 adders
  A shadow imp (D:6)
  2 white imps (D:8)
  2 ufetubi
  2 worms (D:3)
  A dart slug (D:1)
  42 orcs
  6 endoplasms
  A giant cockroach (D:2)
  9 goblins
  8 hobgoblins
  7 jackals
  3 quokkas
  9 ball pythons
  7 bats
  3 frilled lizards
  9 kobolds
  8 rats
354 creatures vanquished.

Vanquished Creatures (collateral kills)
  5 hydras
  2 bog bodies (Lair:2)
  A cyclops (D:11)
  3 elephants
  An orange demon (Lair:3)
  A black mamba (Lair:2)
  A torpor snail (Lair:2)
  Maggie (D:7)
  A komodo dragon (Lair:2)
  3 yaks
  2 basilisks (Lair:2)
  A wraith (D:11)
  2 wyverns
  3 vampire mosquitoes (D:10)
  A naga (Lair:2)
  3 water moccasins
  A black bear (D:11)
  A kobold brigand (D:11)
  6 bullfrogs
  A gnoll sergeant (D:11)
  2 wights (D:9)
  A killer bee (D:11)
  A crimson imp (D:8)
  A hound (D:7)
  4 orc wizards
  2 hell rats (Lair:3)
  A gnoll (D:11)
  10 orcs
62 creatures vanquished.

Vanquished Creatures (others)
  72 fungi
  75 plants
147 creatures vanquished.

Grand Total: 563 creatures vanquished

Notes
Turn   | Place    | Note
-------+----------+-------------------------------------------
     0 | D:1      | Ajdolov the Naga Ice Elementalist began the quest for the
                  | Orb.
     0 | D:1      | Reached XP level 1. HP: 15/15 MP: 3/3
   313 | D:1      | Reached XP level 2. HP: 22/22 MP: 1/5
   941 | D:1      | Reached XP level 3. HP: 28/28 MP: 6/6
  1199 | D:1      | Learned a level 3 spell: Frozen Ramparts
  1716 | D:2      | Noticed Natasha
  1721 | D:2      | Killed Natasha
  1722 | D:2      | Reached skill level 5 in Ice Magic
  1722 | D:2      | Reached XP level 4. HP: 14/36 MP: 1/7
  1772 | D:2      | Noticed Natasha
  1990 | D:2      | Killed Natasha
  2000 | D:2      | Noticed Natasha
  2012 | D:1      | Killed Natasha
  2013 | D:1      | Reached skill level 5 in Stealth
  2013 | D:1      | Reached XP level 5. HP: 5/42 MP: 3/8
  2786 | D:3      | Found a faded altar of an unknown god.
  3346 | D:4      | Noticed an ice beast
  3359 | D:4      | Killed an ice beast
  3360 | D:4      | Reached XP level 6. HP: 28/49 MP: 9/9
  3789 | D:4      | Reached skill level 1 in Fighting
  4305 | D:5      | Entered Level 5 of the Dungeon
  4582 | D:5      | Noticed an ice beast
  4754 | D:5      | Reached XP level 7. HP: 57/57 MP: 6/10
  5670 | D:6      | Reached XP level 8. HP: 33/69 MP: 13/13
  7027 | D:7      | Noticed a wyvern
  7147 | D:7      | Noticed Maggie
  7179 | D:7      | Found a runed translucent gate.
  7180 | D:7      | Found a runed translucent gate.
  7180 | D:7      | Noticed namelastname112's ghost (novice DrIE)
  7181 | D:7      | Found a runed translucent gate.
  7182 | D:7      | Identified the +9 plate armour "Rafyg" {rC+}
  7216 | D:7      | Reached skill level 5 in Spellcasting
  7270 | D:7      | Noticed Pikel
  7273 | D:7      | Reached skill level 5 in Fighting
  7283 | D:7      | Killed Pikel
  7284 | D:7      | Reached XP level 9. HP: 62/82 MP: 4/17
  7548 | D:7      | Noticed Prince Ribbit
  7554 | D:7      | Killed Prince Ribbit
  8039 | D:7      | Found a staircase to the Ecumenical Temple.
  8044 | Temple   | Entered the Ecumenical Temple
  8096 | Temple   | Became a worshipper of Cheibriados the Contemplative
  8139 | D:7      | Learned a level 4 spell: Summon Ice Beast
  8166 | D:7      | Found a broken altar of Ashenzari.
  8209 | D:7      | Killed Maggie
  8683 | D:8      | Noticed a centaur warrior
  8684 | D:8      | Noticed jmlagarto's ghost (novice MiFi)
  8686 | D:8      | Found a transporter.
  8698 | D:8      | Found a transporter.
  8721 | D:8      | Noticed a six-headed hydra
  8728 | D:8      | Noticed a brown ugly thing
  8729 | D:8      | Killed a six-headed hydra
  8730 | D:8      | Reached skill level 10 in Ice Magic
  8730 | D:8      | Reached XP level 10. HP: 66/94 MP: 7/20
  8736 | D:8      | Killed a brown ugly thing
  8984 | D:8      | Reached * piety under Cheibriados
 10165 | D:9      | Reached ** piety under Cheibriados
 10230 | D:9      | Reached XP level 11. HP: 79/104 MP: 17/23
 10236 | D:9      | Learned a level 4 spell: Hailstorm
 10328 | D:9      | Noticed a two-headed ogre
 10351 | D:9      | Killed a two-headed ogre
 10352 | D:9      | Reached skill level 1 in Conjurations
 10352 | D:9      | Reached skill level 1 in Summonings
 10352 | D:9      | Reached skill level 1 in Invocations
 10759 | D:10     | Entered Level 10 of the Dungeon
 10761 | D:10     | Found Malal's Book Boutique.
 10774 | D:10     | Reached skill level 2 in Conjurations
 11210 | D:10     | Found a transporter.
 11453 | D:10     | Identified the ring of Ofaaw {rElec rC+++ Will- Str+6
                  | Stlth-}
 11599 | D:10     | Noticed a two-headed ogre
 11614 | D:10     | Killed a two-headed ogre
 11989 | D:10     | Reached skill level 3 in Conjurations
 12044 | D:10     | Noticed a centaur warrior
 12138 | D:10     | Found a transporter.
 12138 | D:10     | Noticed an ogre mage
 12197 | D:10     | Noticed a sea snake
 12473 | D:11     | Noticed a cyclops
 12477 | D:11     | Killed a cyclops
 12477 | D:11     | Reached *** piety under Cheibriados
 12603 | D:11     | Reached skill level 4 in Conjurations
 12704 | D:11     | Found a staircase to the Lair.
 12783 | D:11     | Noticed a boulder beetle
 12829 | D:11     | Reached **** piety under Cheibriados
 12934 | D:11     | Noticed an eight-headed hydra
 12946 | D:11     | Killed an eight-headed hydra
 12947 | D:11     | Reached skill level 5 in Invocations
 13179 | D:11     | Noticed a two-headed ogre
 13186 | D:11     | Killed a two-headed ogre
 13187 | D:11     | Reached XP level 12. HP: 65/112 MP: 14/25
 13202 | D:11     | Reached skill level 5 in Conjurations
 13202 | D:11     | Reached skill level 5 in Summonings
 13603 | D:11     | Noticed a five-headed hydra
 13622 | D:11     | Killed a five-headed hydra
 13990 | D:11     | Noticed a boulder beetle
 14027 | D:11     | Found a staircase to the Orcish Mines.
 14491 | Lair:1   | Entered Level 1 of the Lair of Beasts
 14911 | Lair:1   | Found a snail-covered altar of Cheibriados.
 15029 | Lair:1   | Reached skill level 6 in Conjurations
 15033 | Lair:1   | Learned a level 3 spell: Ozocubu's Armour
 15926 | Lair:2   | Reached ***** piety under Cheibriados
 15933 | Lair:2   | Reached skill level 7 in Conjurations
 16252 | Lair:2   | Found a staircase to the Snake Pit.
 16349 | Lair:2   | Noticed a five-headed hydra
 16354 | Lair:2   | Killed a five-headed hydra
 16862 | Lair:2   | Noticed a seven-headed hydra
 16868 | Lair:2   | Killed a seven-headed hydra
 16869 | Lair:2   | Gained mutation: You can use your snake-like lower body to
                  | constrict enemies. [Naga growth]
 16869 | Lair:2   | Reached XP level 13. HP: 60/118 MP: 16/26
 17127 | Lair:2   | Noticed Gastronok
 17143 | Lair:2   | Reached skill level 8 in Conjurations
 17266 | Lair:2   | Killed Gastronok
 17267 | Lair:2   | Reached skill level 10 in Spellcasting
 17444 | Lair:2   | Reached skill level 9 in Conjurations
 18601 | Lair:2   | Reached skill level 10 in Conjurations
 19831 | Lair:2   | Reached skill level 11 in Conjurations
 20133 | Lair:2   | Found a staircase to the Swamp.
 20614 | Lair:3   | Reached XP level 14. HP: 115/127 MP: 20/29
 20892 | Lair:3   | Reached skill level 12 in Conjurations
 21976 | Lair:3   | Noticed Amaemon
 21991 | Lair:3   | Killed Amaemon
 22099 | Lair:3   | Slain by a death yak

Illustrated notes

Levels and vault maps discovered:
D:1:      evilmike_arrival_fibonacci_small, layout_loops_cross
D:2:      layout_rooms, uniq_natasha
D:3:      layout_rooms, shapermc_ecumenical_altar_ellora, minivault_27,
          minmay_joined_circles
D:4:      layout_cave_pools
D:5:      layout_loops_ring, nicolae_elevator_lobby_plus
D:6:      layout_basic, enter_ossuary_1
D:7:      layout_rooms, evilmike_ruin_ashenzari, minmay_temple_entry_offerings,
          biasface_ghost_orc_armoury, uniq_maggie, uniq_prince_ribbit1,
          uniq_pikel
D:8:      minmay_bloctagon_deflated, layout_basic, gammafunk_ghost_arena,
          minmay_nine_imps
D:9:      layout_basic
D:10:     gammafunk_beogh_shrine, layout_basic, serial_shops, shop,
          serial_aquarium, aquarium_bridge_straight [aquarium_subvault_bridge,
          aquarium_subvault_wall, aquarium_subvault_bridge,
          aquarium_subvault_window], aquarium_window_corner, aquarium_window_1,
          aquarium_window_3, aquarium_view_2c, aquarium_balcony_1a,
          aquarium_pool_side
D:11:     layout_loops_ring, due_lair_maze_entry_diamond, hiddenorc1_lemuel,
          abandoned_shop, dreamdust_wishing_well
Temple:   compressed_dpeg_triangle_lava_temple
Lair:1:   layout_loops_ring, basic_altar
Lair:2:   nzn_winding_woodlands_huge [nzn_winding_woodlands_5x15_eye,
          nzn_winding_woodlands_5x15_twine, nzn_winding_woodlands_5x15_zeroes,
          nzn_winding_woodlands_5x15_parted,
          nzn_winding_woodlands_5x15_split_checker,
          nzn_winding_woodlands_5x15_longhouse,
          nzn_winding_woodlands_5x15_default, nzn_winding_woodlands_5x15_cabin,
          nzn_winding_woodlands_5x15_pathside_ponds,
          nzn_winding_woodlands_5x15_pool, nzn_winding_woodlands_center_lodge,
          nzn_winding_woodlands_center_garden,
          nzn_winding_woodlands_15x15_five_gardens], layout_layer_cave,
          skrybe_swamp_entry_bodies, minmay_snake_entry_guardpost_small,
          uniq_gastronok
Lair:3:   layout_cave_pods, chequers_serial_rivers_small_a, uniq_amaemon

Skill      XL: |  1  2  3  4  5  6  7  8  9 10 11 12 13 14 |
---------------+-------------------------------------------+-----
Stealth        | 4 5 6 |  6.3
Ice Magic      | 5 6 7 8 10 11 | 11.0
Fighting       | 1 3 5 7 8 |  8.7
Spellcasting   | 3 5 7 8 9 11 | 11.7
Conjurations   | 4 7 11 12 | 12.7
Summonings     | 4 7 8 |  8.1
Invocations    | 5 7 |  7.0
Dodging        | |  1.5

Action                   |  1- 3 |  4- 6 |  7- 9 | 10-12 | 13-15 || total
-------------------------+-------+-------+-------+-------+-------++-------
Melee: Unarmed           |     1 |       |       |       |       ||     1
       Dagger            |    37 |    61 |    37 |   277 |   169 ||   581
       Punch             |       |     1 |     1 |     2 |       ||     4
       Constrict         |       |       |       |       |    40 ||    40
       Demon whip        |       |       |       |       |     3 ||     3
 Cast: Freeze            |    39 |    12 |    66 |    21 |    14 ||   152
       Frozen Ramparts   |     1 |    23 |    37 |    57 |    39 ||   157
       Summon Ice Beast  |       |       |     3 |    59 |    26 ||    88
       Ozocubu's Armour  |       |       |       |    10 |    14 ||    24
       Hailstorm         |       |       |       |     2 |       ||     2
Invok: Slouch            |       |       |       |       |     6 ||     6
       Bend Time         |       |       |       |       |     2 ||     2
 Abil: Spit Poison       |    11 |     8 |    26 |     9 |     7 ||    61
Evoke: Wand              |       |    10 |     7 |     2 |       ||    19
       Condenser vane    |       |       |       |     1 |     1 ||     2
  Use: Potion            |       |     1 |       |       |       ||     1
       Scroll            |       |       |     5 |     1 |     2 ||     8
 Stab: Sleeping          |     3 |     4 |     2 |     2 |     2 ||    13
       Distracted        |       |       |       |     3 |       ||     3
       Confused          |       |       |       |       |     1 ||     1
Armor: Robe              |    27 |    29 |    35 |    55 |       ||   146
       Scale mail        |       |       |       |    47 |   112 ||   159
Dodge: Dodged            |    29 |    68 |   118 |   320 |   216 ||   751
Block: Buckler           |       |       |       |    28 |    55 ||    83

Table legend: (Time is in decaauts)
 A = Elapsed time spent in this place.
 B = Non-inter-level travel time spent in this place.
 C = Inter-level travel time spent in this place.
 D = Time resting spent in this place.
 E = Time spent auto-exploring this place.
 F = Levels seen in this place.
 G = Mean time per level.
                   A        B        C        D        E       F      G
               +--------+--------+--------+--------+--------+-----+--------+
         Total |  31290 |  30187 |   1103 |   6943 |  18699 |  15 | 2086.0 |
       Dungeon |  19220 |  18463 |    757 |   4188 |  11342 |  11 | 1747.3 |
        Temple |    100 |     74 |     26 |      0 |     50 |   1 |  100.0 |
          Lair |  11969 |  11650 |    319 |   2755 |   7306 |   3 | 3989.7 |
               +--------+--------+--------+--------+--------+-----+--------+

Top non-repeatable levels by time:
  Lair:2: 7060 daAuts
    D:11: 3047 daAuts
    D:10: 2735 daAuts
  Lair:3: 2593 daAuts
  Lair:1: 2316 daAuts
     D:1: 2098 daAuts
     D:7: 1893 daAuts
     D:5: 1864 daAuts
     D:6: 1555 daAuts
     D:9: 1521 daAuts
     D:8: 1506 daAuts
     D:4: 1263 daAuts
     D:3: 969 daAuts
     D:2: 765 daAuts
  Temple: 100 daAuts
